 Dungeon Crawl Stone Soup version 0.29.0-4-gdea44cf6ec (webtiles) character file.

Game seed: 4188983004583930920

99 qw the Chopper (level 5, 0/41 HPs)
             Began as a Formicid Cinder Acolyte on Sept 3, 2022.
             Was a High Priest of Ignis.
             Succumbed to Jessica's poison
             ... on level 2 of the Dungeon.
             The game lasted 00:00:46 (1332 turns).

qw the Chopper (Formicid Cinder Acolyte)            Turns: 1332, Time: 00:00:46

Health: 0/41       AC: 20    Str: 16    XL:     5   Next: 2%
Magic:  6/6        EV:  7    Int: 14    God:    Ignis [*****.]
Gold:   36         SH:  0    Dex: 15    Spells: 6/6 levels left

rFire   + . .      SeeInvis +   Y - -1 hand axe (flame)
rCold   + + +      Faith    .   (no shield)
rNeg    . . .      Spirit   .   e - +5 chain mail of Foolhardiness {Rampage *Slow rC+++ Str-4}
rPois   .          Reflect  .   (helmet unavailable)
rElec   .          Harm     .   (no cloak)
rCorr   .          Rampage  +   (no gloves)
Will    .....                   (no boots)
Stlth   ..........              (no amulet)
HPRegen 0.13/turn               a - +6 ring of dexterity
MPRegen 0.10/turn               (no ring)

@: lethally poisoned (0 -> -1), fiery-armoured
A: permanent stasis, dig shafts and tunnels, antennae 3, four strong arms
a: Dig, Shaft Self, Renounce Religion, Fiery Armour, Foxfire Swarm, Rising Flame


You were on level 2 of the Dungeon.
You worshipped Ignis.
Ignis was extremely pleased with you.
You visited 1 branch of the dungeon, and saw 2 of its levels.

You collected 36 gold pieces.


Innate Abilities, Weirdness & Mutations

You cannot be hasted, slowed, berserked, paralysed or teleported.
You can dig through walls and to a lower floor.
You have a pair of large antennae on your head. (SInv)
Your four strong arms can wield two-handed weapons with a shield.


   Skills:
 - Level 3.2 Fighting
 + Level 4.3 Axes
 - Level 1.8 Armour
 - Level 1.7 Dodging
 - Level 1.1 Spellcasting
 - Level 3.0 Fire Magic


You had 6 spell levels left.
You didn't know any spells.
Your spell library contained the following spells:

 Spells                   Type           Power      Damage    Failure   Level
 Scorch                   Fire           18%        2d6       91%         2

Inventory:

Hand Weapons
 Y - a -1 hand axe of flaming (weapon)
Armour
 b - an orb of guile
 e - the +5 chain mail of Foolhardiness (worn) {Rampage *Slow rC+++ Str-4}
   (You found it on level 2 of the Dungeon)

   Str:       It affects your strength (-4).
   rC:        It renders you almost immune to cold.
   *Slow:     It may slow you when you take damage.
   Rampage:   It bestows one free step when moving towards enemies.
Jewellery
 a - a +6 ring of dexterity (left hand)
Potions
 d - a potion of curing {unknown}
 f - a potion of flight {unknown}
 g - 2 potions of haste {unknown}

Dungeon Overview and Level Annotations

Branches:
Dungeon (2/15)

Altars:

Annotations:
D:2 Robin


Message History

Jessica is severely wounded.
The bat completely misses you. Jessica completely misses you.
You closely miss Jessica.
Jessica is severely wounded.
The bat barely misses you. Jessica gestures at you while chanting.
Pain shoots through your body!
You hit Jessica. You burn Jessica.
Jessica is almost dead.
You hit the bat. You burn the bat.
You kill the bat!
Jessica hits you but does no damage.
You are poisoned.
Jessica hits you with a +0 dagger of venom.
1323 ||| INVOKING Fiery Armour.
A protective cloak of flame settles atop you.
You feel very sick. Jessica hits you but does no damage.
You are lethally poisoned!
Jessica is burned by your cloak of flames.
You kill Jessica!
Your Armour skill increases to level 1!
You have reached level 5!
There is a lethal amount of poison in your body!
You feel very sick.
There is a lethal amount of poison in your body!
You feel sick.
There is a lethal amount of poison in your body!
You feel very sick.
There is a lethal amount of poison in your body!
You feel sick.
There is a lethal amount of poison in your body!
You feel sick.
There is a lethal amount of poison in your body!
You feel sick.
There is a lethal amount of poison in your body!
You feel sick.
There is a lethal amount of poison in your body!
You feel sick.
There is a lethal amount of poison in your body!
You die...

#........#.......##
.........#.#.......#
##########.##......###.
....##.##......... {
..#.##.##........
#.#.##.........#+#.
######.#.##.#...........
)...##.#................
........######..@).....#
........'....+.%.......#
........######.........+
........# #.........#
........# #....(....#
###.##### #.........#
...# ######.#+## #####
.#


There were no monsters in sight!

Vanquished Creatures
  Jessica (D:2)
  3 gnolls (D:2)
  A dart slug (D:1)
  3 bats
  3 endoplasms (D:1)
  11 goblins
  8 hobgoblins
  A ball python (D:1)
  3 frilled lizards (D:1)
  2 kobolds
  3 rats
39 creatures vanquished.

Notes
Turn   | Place    | Note
-------+----------+-------------------------------------------
     0 | D:1      | qw the Formicid Cinder Acolyte began the quest for the Orb.
     0 | D:1      | Reached XP level 1. HP: 18/18 MP: 2/2
     0 | D:1      | 0 ||| qw: Version: 0.1-a-102-g441f92d
     0 | D:1      | 0 ||| qw: Game counter: 5210
     0 | D:1      | 0 ||| qw: Always use a shield: true
     0 | D:1      | 0 ||| qw: God list: Okawaru
     0 | D:1      | 0 ||| qw: Allow faded altars: false
     0 | D:1      | 0 ||| qw: Do Orc after D:15 true
     0 | D:1      | 0 ||| qw: Do second Lair branch before Depths: true
     0 | D:1      | 0 ||| qw: Lair rune preference: random
     0 | D:1      | 0 ||| qw: Plans: Normal
     0 | D:1      | 0 ||| PLANNING D:1-11
   264 | D:1      | Reached XP level 2. HP: 24/24 MP: 3/3
   529 | D:1      | 529 ||| Stepping ~*~*~tactically~*~*~ (stealth).
   543 | D:1      | Reached skill level 4 in Axes
   543 | D:1      | Reached XP level 3. HP: 22/29 MP: 4/4
   721 | D:1      | 721 ||| READING 2 scrolls labelled JIBLIR ZELLAXT.
   722 | D:1      | 722 ||| READING scroll labelled XAH YZXATZYW.
   723 | D:1      | 723 ||| READING scroll labelled GYWUHE MOIQOUD.
   724 | D:1      | 724 ||| READING scroll labelled PINANWAUHU.
   725 | D:1      | 725 ||| DROPPING scroll of immolation.
   798 | D:2      | Identified the +5 chain mail of Foolhardiness {Rampage
                  | *Slow rC+++ Str-4}
   809 | D:2      | 809 ||| INVOKING Fiery Armour.
   818 | D:2      | Reached skill level 1 in Dodging
   826 | D:2      | Reached XP level 4. HP: 17/35 MP: 5/5
  1041 | D:2      | Noticed Robin
  1042 | D:2      | 1042 ||| Stepping ~*~*~tactically~*~*~ (stealth).
  1046 | D:2      | 1046 ||| Stepping ~*~*~tactically~*~*~ (stealth).
  1048 | D:2      | 1048 ||| INVOKING Fiery Armour.
  1055 | D:2      | 1055 ||| FLEEEEING.
  1059 | D:2      | 1059 ||| FLEEEEING.
  1060 | D:2      | 1060 ||| FLEEEEING.
  1061 | D:2      | 1061 ||| FLEEEEING.
  1062 | D:2      | 1062 ||| FLEEEEING.
  1063 | D:2      | 1063 ||| FLEEEEING.
  1064 | D:2      | 1064 ||| FLEEEEING.
  1068 | D:2      | 1068 ||| FLEEEEING.
  1077 | D:2      | 1077 ||| FLEEEEING.
  1078 | D:2      | 1078 ||| FLEEEEING.
  1079 | D:2      | 1079 ||| FLEEEEING.
  1080 | D:2      | 1080 ||| FLEEEEING.
  1081 | D:2      | 1081 ||| FLEEEEING.
  1082 | D:2      | 1082 ||| FLEEEEING.
  1083 | D:2      | 1083 ||| FLEEEEING.
  1084 | D:2      | 1084 ||| STAIRDANCE
  1158 | D:1      | 1158 ||| UPGRADING to +5 chain mail of Foolhardiness
                  | {Rampage *Slow rC+++ Str-4}.
  1168 | D:1      | 1168 ||| DROPPING +0 robe.
  1169 | D:1      | 1169 ||| UPGRADING to +6 ring of dexterity.
  1170 | D:1      | 1170 ||| READING scroll labelled INTARPH BAOCRO.
  1171 | D:1      | 1171 ||| READING scroll labelled IDGHAT DUTEKUR.
  1312 | D:2      | Noticed Jessica
  1323 | D:2      | 1323 ||| INVOKING Fiery Armour.
  1323 | D:2      | Killed Jessica
  1324 | D:2      | Reached skill level 1 in Armour
  1324 | D:2      | Reached XP level 5. HP: 15/41 MP: 6/6
  1325 | D:2      | HP: 10/41 [poisoned by Jessica]
  1328 | D:2      | HP: 4/41 [poisoned by Jessica]
  1331 | D:2      | HP: 1/41 [poisoned by Jessica]
  1332 | D:2      | Succumbed to Jessica's poison

Levels and vault maps discovered:
D:1:      saegor_arrival_under_anarchy, layout_basic
D:2:      layout_basic, uniq_jessica, uniq_robin

Skill      XL: |  1  2  3  4 |
---------------+-------------+-----
Axes           | 4 |  4.3
Dodging        | 1 |  1.7
Armour         | 1 |  1.8
Fighting       | |  3.2
Spellcasting   | |  1.1
Fire Magic     | |  3.0

Action                   |  1- 3 |  4- 6 || total
-------------------------+-------+-------++-------
Melee: Hand axe          |    65 |    19 ||    84
Invok: Fiery Armour      |     1 |     2 ||     3
  Use: Scroll            |     4 |     2 ||     6
Armor: Robe              |     9 |     8 ||    17
       Chain mail        |       |     6 ||     6
Dodge: Dodged            |    30 |    16 ||    46

Table legend:
 A = Non-vault XP
 B = Vault XP
 C = Vault XP percentage of total XP
 D = Non-vault monster count
 E = Vault monster count
 F = Vault count percentage of total count
                 A         B        C        D         E       F
            +---------+---------+-------+---------+---------+-------
      Total |      88 |      54 |  38.0 |      29 |      10 |  25.6
            +---------+---------+-------+---------+---------+-------
        D:1 |      33 |       0 |   0.0 |      19 |       0 |   0.0
        D:2 |      55 |      54 |  49.5 |      10 |      10 |  50.0
            +---------+---------+-------+---------+---------+-------
